Map: [ESL] Alcyone

Players

Oliveira

  • Race: Terran Terran
  • Spawn Location: 7:00

Solar - Winner!

  • Race: Zerg Zerg
  • Spawn Location: 1:00

Event: ESL SC2 Masters 2023 Winter (Finals)

VOD

Have the link to the VOD?

Description

Time

  • Played on: Dec. 15, 2023, 4:31 p.m.
  • Length: 19:47

All games in this series

Show
View Real Time Build Order
Export as new Build Order

Oliveira Terran 

Build Orders: Reaper Expand 

Get SALT Encoding   

  12  0:00  SCV  
  13  0:12  SCV  
  14  0:17  Supply Depot  
  14  0:24  SCV  
  15  0:39  SCV  
  15  0:41  Barracks  
  16  0:46  Refinery  
  16  0:51  SCV  
  17  1:03  SCV  
  18  1:15  SCV  
  19  1:28  Orbital Command  
  19  1:30  Reaper  
  20  1:37  Command Center  
  20  1:46  Supply Depot  
  21  1:54  SCV  
  21  2:02  Marine  
  21  2:06  SCV  
  23  2:10  Factory  
  23  2:18  SCV  
  25  2:25  Barracks Reactor  
  24  2:37  SCV  
  25  2:38  Command Center  
  25  2:49  Orbital Command, SCV  
  26  2:51  Refinery  
  26  3:01  SCV  
  27  3:06  Cyclone x2  
  27  3:12  Barracks Tech Lab  
  31  3:13  SCV  
  31  3:14  SCV  
  33  3:25  SCV  
  33  3:26  SCV  
  35  3:32  Marine  
  36  3:37  SCV  
  36  3:38  Cyclone x2, SCV  
  42  3:49  SCV  
  42  3:50  Engineering Bay  
  42  3:51  SCV, Engineering Bay  
  42  3:53  Orbital Command  
  44  3:57  Stimpack, Marine  
  44  4:01  SCV  
  46  4:03  SCV  
  47  4:13  SCV  
  47  4:16  SCV  
  48  4:21  Marine  
  48  4:23  Factory Reactor  
  49  4:24  Barracks  
  49  4:25  Terran Infantry Weapons Level 1  
  49  4:27  Barracks, Supply Depot  
  49  4:29  SCV x2  
  51  4:36  Terran Infantry Armor Level 1  
  51  4:37  SCV  
  52  4:41  SCV x2  
  52  4:42  Barracks  
  54  4:49  SCV, Refinery  
  54  4:50  Refinery  
  54  4:51  Barracks  
  55  4:53  SCV  
  55  4:54  SCV, Supply Depot  
  55  4:56  Marine  
  58  5:02  SCV  
  58  5:05  SCV  
  58  5:07  Factory Tech Lab, SCV  
  61  5:12  Starport  
  61  5:15  SCV  
  61  5:19  Marine x2  
  61  5:20  SCV  
  65  5:21  SCV  
  65  5:25  Supply Depot x2  
  65  5:26  Siege Tank  
  65  5:27  Marine x2  
  71  5:29  SCV  
  71  5:33  Barracks Reactor  
  71  5:34  SCV  
  73  5:36  SCV  
  73  5:37  Supply Depot  
  73  5:38  Combat Shield  
  73  5:39  Marine  
  73  5:40  Barracks Reactor  
  73  5:41  SCV  
  76  5:47  Supply Depot  
  76  5:48  Marine x3  
  76  5:49  Starport Reactor  
  79  5:52  Orbital Command, Marine  
  79  5:55  Armory  
  79  5:56  Marine, SCV x2  
  83  6:07  Marine  
  83  6:10  Siege Tank  
  87  6:11  Barracks  
  87  6:12  Barracks, SCV  
  87  6:13  Marine  
  87  6:14  Barracks, SCV  
  87  6:16  Marine  
  87  6:18  SCV  
  92  6:20  Marine  
  92  6:21  Marine x2  
  92  6:24  SCV  
  96  6:28  Supply Depot, Medivac x2  
  96  6:30  Marine x2, SCV  
  96  6:32  SCV  
  104  6:34  Refinery  
  104  6:35  Marine x2  
  106  6:40  Supply Depot  
  106  6:41  Terran Infantry Weapons Level 2  
  106  6:42  Marine  
  106  6:44  SCV x2  
  109  6:49  Marine  
  109  6:51  Marine, SCV  
  109  6:52  Supply Depot  
  109  6:53  Supply Depot  
  112  6:55  Terran Infantry Armor Level 2  
  112  6:58  Marine x3  
  112  7:00  Marine x2  
  117  7:01  Marine  
  117  7:03  Marine  
  117  7:04  Supply Depot  
  117  7:06  Siege Tank  
  122  7:08  Marine  
  122  7:10  Supply Depot  
  122  7:12  Marine  
  122  7:13  Marine  
  122  7:14  Marine x2  
  127  7:16  Supply Depot  
  127  7:18  Marine x2  
  129  7:24  Medivac, Marine  
  129  7:25  Marine x3, Medivac  
  129  7:29  Marine x2  
  139  7:31  Marine, Supply Depot  
  139  7:32  Marine x2  
  139  7:33  Supply Depot  
  139  7:35  Marine  
  139  7:36  Marine  
  144  7:37  Marine  
  144  7:41  Marine  
  144  7:42  Supply Depot  
  144  7:43  Siege Tank  
  149  7:47  Marine x4  
  150  7:51  Marine  
  150  7:52  Marine x3  
  150  7:54  Supply Depot  
  150  7:55  Marine x2  
  156  7:59  Marine x2  
  156  8:04  Medivac  
  156  8:05  Marine x4  
  163  8:09  Marine x2  
  163  8:11  Marine x2  
  168  8:13  Marine  
  168  8:14  Marine  
  168  8:19  Siege Tank, Marine x2  
  175  8:22  Marine, Supply Depot  
  175  8:25  Marine x2  
  178  8:28  Marine  
  153  8:43  Marine  
  153  8:45  Marine  
  153  8:46  Marine  
  151  8:50  Marine x2  
  151  8:51  Siege Tank  
  131  8:56  Marine x2  
  131  8:57  Marine x2  
  126  9:03  Marine x2  
  126  9:09  Marine  
  122  9:10  Marine x4  
  122  9:11  Marine  
  122  9:13  Marine  
  122  9:16  Marine x2  
  125  9:18  Marine  
  125  9:21  Marine x2  
  125  9:22  Medivac x2  
  125  9:23  SCV x2  
  128  9:25  SCV  
  128  9:27  Marine x3  
  128  9:28  Marine  
  128  9:30  Marine  
  131  9:31  Siege Tank  
  131  9:32  Marine x2  
  131  9:35  Marine, SCV x2  
  137  9:39  Marine x2  
  137  9:42  SCV, Marine  
  140  9:49  Marine x2  
  140  9:51  SCV x2  
  140  9:52  Marine x2  
  142  9:53  Terran Infantry Armor Level 3  
  142  9:56  Marine x2  
  142  9:59  Marine  
  145  10:00  Marine x2  
  145  10:03  Medivac  
  145  10:06  Marine x2  
  146  10:08  Marine x3  
  146  10:10  Siege Tank  
  146  10:12  Medivac  
  154  10:14  Marine x2  
  154  10:19  Marine  
  154  10:20  Marine  
  154  10:22  Marine x2  
  154  10:23  Marine x2  
  154  10:26  Supply Depot  
  155  10:31  Marine x2  
  155  10:34  Marine x2  
  159  10:39  Marine x4  
  159  10:40  Liberator  
  165  10:43  Supply Depot  
  165  10:44  Supply Depot  
  165  10:45  Marine x2  
  165  10:47  Marine x2  
  169  10:52  Marine  
  169  10:53  Marine x2  
  169  10:54  Marine  
  173  10:57  Marine  
  173  10:59  Marine  
  173  11:01  Marine x2  
  173  11:03  Marine x2  
  173  11:05  Marine  
  173  11:09  Marine  
  173  11:10  Marine  
  173  11:11  Marine x2  
  142  11:12  Marine  
  142  11:14  Marine  
  142  11:17  Marine  
  129  11:19  Marine x2  
  129  11:20  Marine  
  129  11:21  Marine  
  129  11:23  Marine  
  117  11:26  Siege Tank  
  117  11:27  Marine  
  117  11:28  Marine  
  117  11:29  Marine  
  110  11:34  Marine x2  
  110  11:35  Marine  
  110  11:38  Marine x2  
  115  11:42  Marine x2  
  115  11:44  Marine x2  
  115  11:46  Medivac x2  
  123  11:50  Marine  
  123  11:51  Marine  
  124  11:57  Terran Infantry Weapons Level 3  
  124  12:08  Marine  
  107  12:10  Marine x2  
  107  12:11  Marine x4  
  107  12:12  Siege Tank  
  107  12:13  Marine  
  107  12:14  Marine x2  
  107  12:15  Marine x2  
  119  12:21  Medivac x2  
  125  12:26  Marine  
  125  12:28  Marine x4  
  125  12:29  Marine x2  
  132  12:31  Marine  
  132  12:32  Marine x2  
  132  12:35  SCV x2  
  132  12:36  Marine  
  138  12:39  Marine  
  138  12:44  Marine  
  140  12:46  Marine x2  
  140  12:48  Marine  
  143  12:52  Marine x3  
  143  12:53  Siege Tank, SCV x2  
  143  12:55  Orbital Command  
  143  12:56  Marine x2  
  153  13:00  Marine  
  153  13:02  Marine  
  153  13:03  Marine x2  
  153  13:04  Marine x2  
  156  13:06  Marine  
  156  13:09  Marine x2  
  156  13:10  Marine  
  153  13:13  Marine  
  153  13:14  Marine  
  153  13:18  Marine  
  152  13:20  Marine  
  152  13:21  Marine x3  
  152  13:26  Marine  
  157  13:27  Marine  
  157  13:28  Marine x2  
  157  13:29  SCV x2  
  157  13:30  Marine  
  156  13:42  Marine  
  156  13:44  Marine  
  149  13:52  Marine  
  149  13:53  Marine  
  149  13:55  Marine x2  
  141  13:56  Siege Tank  
  141  13:59  Medivac x2  
  141  14:00  Marine x3  
  141  14:01  Marine x2  
  150  14:05  Marine  
  151  14:14  Marine  
  151  14:16  Marine  
  112  14:17  Marine  
  112  14:18  Marine x4  
  112  14:20  Marine x2  
  112  14:21  Marine x2  
  112  14:22  SCV  
  112  14:23  Marine  
  114  14:31  Marine  
  114  14:33  Siege Tank, Marine  
  114  14:34  Medivac  
  114  14:35  Marine x2  
  114  14:37  Medivac  
  119  14:39  Marine x3  
  119  14:41  Marine  
  119  14:44  Marine x2  
  122  14:50  Marine x2  
  124  14:53  Marine x2  
  126  15:00  Marine x2  
  126  15:01  Marine  
  126  15:02  Marine x4  
  133  15:08  Liberator  
  133  15:10  Marine  
  133  15:11  Marine  
  133  15:13  Siege Tank  
  141  15:16  Marine  
  142  15:22  Marine  
  142  15:26  Marine  
  143  15:28  Orbital Command  
  143  15:29  Marine  
  143  15:32  Marine  
  143  15:33  Marine  
  143  15:34  Marine x2  
  143  15:35  Marine  
  146  15:36  Marine  
  146  15:42  Liberator  
  149  15:43  Marine x3  
  149  15:46  Marine  
  149  15:49  Marine  
  154  15:51  Marine  
  154  15:56  Marine x2  
  157  16:01  Marine  
  158  16:10  Marine  
  158  16:11  Marine  
  143  16:12  Marine  
  143  16:14  Marine  
  143  16:17  Marine x2  
  140  16:18  Marine x2  
  136  16:29  Marine  
  136  16:30  Marine x2  
  136  16:31  Marine  
  129  16:34  Marine  
  129  16:39  Marine x2  
  132  16:41  Marine x2  
  132  16:42  Barracks Tech Lab x2  
  132  16:45  Siege Tank  
  133  16:47  Marine  
  133  16:48  Liberator x2, SCV  
  133  16:49  SCV x2  
  133  16:53  Marine x3  
  133  16:54  Marine x2  
  135  16:59  Marine  
  120  17:03  Marine x2  
  120  17:05  Marine  
  117  17:08  Marine x2  
  117  17:09  Marine  
  117  17:15  Marine  
  101  17:23  SCV x2  
  98  17:30  Liberator  
Show
View Real Time Build Order
Export as new Build Order

Solar Zerg - Winner!

Build Orders: Hatch First 

Get SALT Encoding   

  12  0:00  Drone  
  13  0:12  Overlord  
  13  0:16  Drone  
  14  0:30  Drone x2  
  16  0:47  Hatchery  
  15  0:51  Drone  
  15  0:53  Drone  
  15  0:57  Drone  
  18  1:08  Extractor  
  17  1:12  Spawning Pool  
  17  1:15  Drone  
  17  1:18  Drone  
  18  1:27  Drone  
  19  1:38  Drone  
  20  1:49  Drone  
  21  1:59  Queen x2  
  21  2:00  Zergling x4  
  27  2:12  Overlord  
  27  2:13  Drone  
  28  2:23  Hatchery  
  28  2:24  Drone  
  28  2:31  Drone  
  28  2:35  Queen  
  31  2:38  Drone  
  31  2:41  Metabolic Boost  
  32  2:45  Overlord  
  32  2:48  Drone  
  33  2:53  Drone x2  
  33  2:56  Drone  
  36  3:04  Drone x2  
  38  3:07  Drone x3  
  41  3:13  Queen  
  41  3:17  Overlord  
  41  3:19  Drone  
  44  3:30  Overlord  
  44  3:35  Queen x2  
  44  3:37  Drone x2  
  44  3:39  Drone x2  
  52  3:41  Drone  
  53  3:48  Drone  
  53  3:49  Drone x4  
  53  3:51  Drone  
  53  3:53  Overlord  
  59  3:57  Overlord  
  59  3:59  Zergling x4  
  61  4:09  Zergling x4  
  63  4:13  Queen  
  63  4:14  Zergling x2  
  63  4:15  Zergling x10  
  63  4:16  Zergling x2  
  71  4:19  Overlord  
  71  4:24  Zergling x4, Extractor  
  70  4:30  Zergling x2  
  72  4:32  Overlord  
  72  4:36  Zergling x2  
  73  4:40  Evolution Chamber  
  73  4:41  Evolution Chamber  
  73  4:42  Zergling x10  
  76  4:45  Drone x3  
  76  4:47  Drone  
  76  4:49  Queen  
  76  4:52  Drone  
  83  4:53  Overlord  
  83  4:54  Drone x2  
  84  5:01  Drone x2  
  84  5:03  Drone  
  87  5:08  Drone  
  87  5:11  Zerg Ground Armor Level 1  
  87  5:12  Zerg Melee Weapons Level 1  
  87  5:14  Drone  
  89  5:16  Drone  
  89  5:18  Drone  
  89  5:20  Drone x3  
  89  5:21  Hatchery  
  89  5:22  Drone  
  89  5:24  Drone  
  89  5:26  Extractor  
  89  5:27  Lair  
  90  5:28  Overlord  
  90  5:30  Drone x2  
  90  5:32  Drone x2  
  94  5:36  Drone  
  94  5:37  Drone, Baneling Nest  
  94  5:38  Drone  
  94  5:39  Extractor  
  94  5:40  Drone  
  94  5:41  Drone  
  97  5:44  Extractor  
  97  5:45  Drone  
  97  5:47  Overlord  
  97  5:48  Drone x2  
  99  5:50  Drone  
  99  5:54  Zergling x2  
  99  5:56  Zergling x2  
  102  5:58  Zergling x6  
  105  6:06  Zergling x6  
  105  6:09  Overlord  
  105  6:10  Zergling x4  
  110  6:13  Drone  
  110  6:16  Zergling x6  
  113  6:19  Overlord  
  113  6:21  Overlord  
  113  6:23  Overlord  
  113  6:26  Baneling x6  
  113  6:27  Baneling x3, Centrifugal Hooks  
  113  6:28  Drone  
  113  6:30  Drone x3  
  113  6:31  Hatchery  
  113  6:32  Drone  
  117  6:33  Drone  
  117  6:36  Queen  
  117  6:38  Drone x2  
  117  6:39  Zergling x4  
  124  6:40  Zergling x2  
  124  6:42  Zergling x2  
  124  6:44  Infestation Pit  
  124  6:46  Drone, Hydralisk Den  
  126  6:47  Zergling x4  
  126  6:48  Extractor, Baneling x2  
  126  6:50  Zergling x2, Overseer  
  126  6:52  Zergling x4  
  130  6:55  Overlord  
  130  6:56  Drone  
  130  6:58  Pneumatized Carapace  
  130  7:00  Drone, Overlord  
  132  7:03  Zergling x6  
  132  7:07  Zerg Melee Weapons Level 2, Zerg Ground Armor Level 2  
  135  7:11  Drone  
  135  7:12  Drone x2  
  135  7:13  Drone  
  135  7:15  Zergling x8  
  143  7:17  Zergling x2  
  143  7:18  Zergling x4  
  143  7:19  Zergling x4  
  143  7:20  Zergling x2  
  147  7:23  Grooved Spines  
  147  7:26  Hydralisk x3  
  152  7:30  Overlord  
  152  7:31  Infestation Pit  
  152  7:35  Drone x2  
  153  7:38  Zergling x12  
  153  7:41  Zergling x4  
  161  7:49  Zergling x10  
  161  7:50  Zergling x6  
  165  7:55  Drone x3  
  168  7:58  Hydralisk  
  168  7:59  Hydralisk  
  168  8:05  Zergling x6  
  174  8:07  Baneling x16  
  174  8:08  Overlord  
  174  8:09  Hive  
  174  8:10  Drone  
  175  8:12  Extractor  
  175  8:13  Zergling x2  
  175  8:17  Zergling x4  
  175  8:18  Overlord  
  177  8:20  Muscular Augments  
  177  8:22  Zergling x2  
  177  8:25  Hydralisk x3  
  177  8:26  Zergling x12  
  189  8:32  Overlord  
  189  8:33  Zergling x2  
  188  8:35  Zergling x6  
  188  8:40  Zergling x8  
  188  8:41  Zergling x4  
  164  8:49  Zergling x6  
  164  8:55  Zergling x14  
  157  8:57  Baneling x15  
  157  8:58  Baneling x3  
  157  8:59  Hydralisk  
  157  9:01  Zergling x4  
  157  9:02  Queen  
  150  9:05  Zergling x2  
  150  9:09  Zergling x2  
  149  9:14  Zergling x12  
  150  9:19  Baneling x5  
  150  9:21  Zergling x8  
  149  9:25  Zergling x10, Baneling Nest  
  148  9:32  Hydralisk x2  
  148  9:35  Zergling x4  
  148  9:36  Hatchery  
  147  9:40  Viper  
  147  9:41  Queen x2  
  147  9:44  Zergling x4  
  153  9:49  Hydralisk x2  
  153  9:50  Zergling x6  
  156  9:54  Zergling x2  
  156  9:59  Zergling x10, Adrenal Glands  
  162  10:03  Zergling x4  
  158  10:07  Hydralisk  
  158  10:10  Baneling x4  
  158  10:12  Zergling x4  
  162  10:15  Zergling x2  
  162  10:19  Zergling x12  
  163  10:22  Hydralisk x2  
  163  10:23  Baneling x3  
  163  10:24  Zergling x2, Baneling x2  
  163  10:25  Zergling x6  
  169  10:29  Zergling x2  
  169  10:33  Hydralisk x2  
  169  10:38  Hydralisk  
  169  10:39  Hydralisk  
  166  10:46  Zergling x16  
  166  10:48  Hydralisk  
  169  10:51  Zergling x2  
  169  10:53  Zergling x2  
  169  10:54  Zergling x2  
  170  10:58  Zergling x2  
  170  10:59  Zergling x8  
  170  11:02  Zergling x2  
  170  11:03  Zergling x8  
  173  11:07  Zergling x4  
  137  11:18  Zerg Missile Weapons Level 1  
  137  11:22  Zergling x16  
  137  11:24  Zergling x10  
  142  11:32  Zergling x12  
  142  11:33  Queen x2  
  142  11:35  Hatchery  
  142  11:37  Zergling x2  
  144  11:41  Zergling x6  
  144  11:43  Baneling x6  
  144  11:44  Baneling x5, Hydralisk Den  
  144  11:45  Zergling x8  
  144  11:46  Zergling x6  
  153  11:53  Zergling x8  
  157  11:56  Baneling x7  
  157  11:57  Zergling x2  
  153  12:07  Zergling x10  
  148  12:14  Zergling x20  
  154  12:20  Drone  
  154  12:21  Overseer  
  154  12:22  Baneling  
  154  12:23  Baneling x11  
  154  12:25  Zergling x8  
  154  12:26  Hatchery  
  154  12:28  Overlord  
  157  12:31  Baneling  
  157  12:32  Baneling  
  157  12:33  Zergling x4  
  157  12:36  Zergling x2, Drone  
  161  12:41  Drone x2  
  163  12:47  Zergling x14  
  163  12:49  Zergling x4  
  163  12:51  Zergling x2  
  171  12:56  Baneling x5  
  171  12:58  Hydralisk x2  
  170  13:01  Zergling x6  
  170  13:03  Zergling x4  
  172  13:08  Overlord  
  172  13:09  Hydralisk x2  
  172  13:11  Zergling x4  
  170  13:14  Zergling x4  
  170  13:15  Zergling x2  
  172  13:20  Hydralisk x2  
  172  13:25  Zergling x6  
  178  13:30  Zergling x12  
  183  13:35  Zergling x4  
  169  13:44  Zergling x16  
  162  13:49  Zerg Ground Armor Level 3, Zerg Melee Weapons Level 3  
  162  13:50  Zergling x2  
  162  13:54  Hydralisk x2  
  155  13:56  Zergling x4  
  155  13:57  Zergling x2  
  155  14:00  Zergling x6  
  152  14:03  Baneling x5  
  152  14:04  Drone x2  
  152  14:06  Drone x2  
  152  14:07  Extractor, Baneling  
  155  14:11  Zergling x10  
  155  14:15  Zergling x4  
  147  14:18  Hydralisk  
  147  14:22  Zergling x2  
  147  14:23  Zergling x6  
  146  14:24  Baneling x4  
  146  14:26  Zergling x2  
  146  14:30  Drone  
  146  14:31  Drone x2  
  146  14:32  Drone x3  
  146  14:35  Drone  
  146  14:37  Baneling x6  
  149  14:39  Zergling x10  
  149  14:42  Zergling x4  
  149  14:44  Drone x2  
  149  14:45  Zergling x2  
  159  14:46  Baneling x3  
  159  14:47  Zergling x2, Baneling  
  159  14:50  Zergling x6  
  163  14:53  Zergling x6  
  163  14:58  Zergling x4  
  168  15:01  Zergling x2, Overseer  
  168  15:03  Drone x2  
  168  15:04  Ultralisk Cavern  
  170  15:08  Drone x3  
  170  15:10  Unknown  
  170  15:12  Zergling x4  
  174  15:15  Zergling x8  
  175  15:24  Zergling x6  
  175  15:25  Zergling x6  
  177  15:30  Baneling x2  
  177  15:31  Zergling x12  
  177  15:35  Zergling x8  
  180  15:38  Drone x2  
  183  15:42  Zergling x2  
  183  15:43  Zergling x10  
  186  15:53  Chitinous Plating, Ultralisk x2  
  198  16:02  Baneling x8  
  198  16:07  Zergling x2  
  198  16:08  Zergling x4  
  178  16:13  Zergling x42  
  178  16:15  Zergling x4  
  193  16:22  Zergling x10  
  190  16:32  Zergling x4, Ultralisk x2  
  191  16:34  Zergling x6  
  191  16:35  Baneling  
  191  16:37  Baneling  
  191  16:38  Zergling x2, Baneling x2  
  191  16:39  Zergling x2  
  194  16:41  Zergling x2  
  184  16:52  Zergling x4  
  177  16:54  Zergling x4  
  177  16:56  Zergling x4  
  177  16:58  Zergling x2  
  177  17:00  Zergling x2  
  177  17:01  Zergling x2, Baneling  
  182  17:02  Baneling x2  
  182  17:03  Zergling x2, Hatchery  
  182  17:06  Zergling x4  
  175  17:18  Zergling x22  
  175  17:20  Zergling x2  
  175  17:21  Zergling x2  
Tags
 
Add a new tag
Caveats
  • Supply blocks, unpowered buildings, or Contaminate may cause inaccurate times.
  • Supply counts are checked every 10 seconds.